 Dungeon Crawl Stone Soup version 0.23-a0-305-g7ffd15e (webtiles) character file.

54 Amnesiac the Gusty (level 3, -8/24 HPs)
             Began as a Mummy Air Elementalist on Oct 9, 2018.
             Killed from afar by Natasha (9 damage)
             ... with a magic dart
             ... on level 2 of the Dungeon.
             The game lasted 00:03:39 (956 turns).

Amnesiac the Gusty (Mummy Air Elementalist)          Turns: 956, Time: 00:03:40

Health: -8/24      AC:  2    Str: 11    XL:     3   Next: 66%
Magic:  0/7        EV: 12    Int: 15    God:
Gold:   86         SH:  0    Dex: 12    Spells: 2/8 levels left

rFire    x . .     SeeInvis .   (no weapon)
rCold    + . .     Gourm    .   (no shield)
rNeg     + + +     Faith    .   a - +0 robe
rPois    ∞         Spirit   .   (no helmet)
rElec    .         Reflect  .   (no cloak)
rCorr    .         Harm     .   (no gloves)
MR       .....                  (no boots)
Stlth    +.........             (no amulet)
HPRegen  0.08/turn              d - ring of attention (curse)
MPRegen  0.10/turn              (no ring)

@: very slightly contaminated, slowed, very slow
A: no food or potions, fire vulnerability, cold resistance 1, negative energy
resistance 3, torment resistance, unbreathing
a: no special abilities


You were on level 2 of the Dungeon.
You were not hungry.

You visited 1 branch of the dungeon, and saw 2 of its levels.

You collected 86 gold pieces.

Inventory:

Armour
 a - a +0 robe (worn)
Jewellery
 d - a cursed ring of attention (left hand)


   Skills:
 - Level 1.5 Dodging
 - Level 1.5 Stealth
 + Level 3.3 Spellcasting
 + Level 1.3 Conjurations
 * Level 3.3 Air Magic


You had 2 spell levels left.
You knew the following spells:

 Your Spells              Type           Power        Failure   Level  Hunger
a - Shock                 Conj/Air       #...         8%          1    N/A
b - Static Discharge      Conj/Air       #.......     22%         3    N/A
z - Swiftness             Chrm/Air       #.......     14%         2    N/A

Your spell library contained the following spells:

 Spells                   Type           Power        Failure   Level  Hunger
 Airstrike                Air            ##........   43%         4    N/A
 Lightning Bolt           Conj/Air       #.........   90%         5    N/A

Dungeon Overview and Level Annotations

Branches:
Dungeon (2/15)

Altars:
Ru

Annotations:
D:2 Natasha


Innate Abilities, Weirdness & Mutations

You do not eat or drink.
Your flesh is vulnerable to fire.
You are immune to poison.
Your flesh is cold resistant. (rC+)
You are immune to negative energy. (rN+++)
You are immune to unholy pain and torment.
You can survive without breathing.


Message History

Press: ? - help, Shift-Dir - straight line, f - Natasha
Aim: Natasha (hasn't noticed you)
The zap misses Natasha.
Natasha hisses angrily.
You see here a rat corpse.
Natasha casts a spell at you. You resist with some effort.
Casting: Shock (safe; 8% risk of failure)
Confirm with . or Enter, or press ? or * to list all spells.
Aiming: Shock (safe; 8% risk of failure)
Press: ? - help, Shift-Dir - straight line, p - Natasha The zap misses Natasha.
The zap hits Natasha.
Natasha is lightly wounded.
Unknown command.
Casting: Shock (safe; 8% risk of failure)
Confirm with . or Enter, or press ? or * to list all spells.
Okay, then.
Natasha casts a spell at you. The magic dart hits you!
Casting: Shock (safe; 8% risk of failure)
Confirm with . or Enter, or press ? or * to list all spells.
Aiming: Shock (safe; 8% risk of failure)
Press: ? - help, Shift-Dir - straight line The zap misses Natasha.
The zap hits Natasha.
Natasha is moderately wounded.
Natasha claws you!
* * * LOW HITPOINT WARNING * * *
Casting: Shock (safe; 8% risk of failure)
Confirm with . or Enter, or press ? or * to list all spells.
Aiming: Shock (safe; 8% risk of failure)
Press: ? - help, Shift-Dir - straight line The zap hits Natasha.
Natasha is heavily wounded.
The zap hits Natasha.
Natasha is severely wounded.
Natasha stares at you and mumbles some strange words.
You feel yourself slow down.
Casting: Shock (safe; 8% risk of failure)
Confirm with . or Enter, or press ? or * to list all spells.
Aiming: Shock (safe; 8% risk of failure)
Press: ? - help, Shift-Dir - straight line The zap hits Natasha.
Natasha is severely wounded.
The zap hits Natasha.
Natasha is almost dead.
Natasha closely misses you.
Casting: Shock (safe; 8% risk of failure)
Confirm with . or Enter, or press ? or * to list all spells.
Aiming: Shock (safe; 8% risk of failure)
Press: ? - help, Shift-Dir - straight line You miscast Shock.
You are very lightly contaminated with residual magic.
You are blasted with air!
Natasha claws you!
* * * LOW HITPOINT WARNING * * *
Natasha barely misses you.
Casting: Shock (safe; 8% risk of failure)
Confirm with . or Enter, or press ? or * to list all spells.
Aiming: Shock (safe; 8% risk of failure)
Press: ? - help, Shift-Dir - straight line The zap misses Natasha.
The zap hits Natasha.
Natasha is almost dead.
Natasha casts a spell at you. The magic dart hits you!
You die...

..##.............(...#
..#...#.............##
#....##............##
..................##
#!##..#...........#
..##.##...........#
#.#..###..........#
...........#.##h..#
#...######.#.##.@†#### #..##
##...###..)..## #..###
##......#...#..###
...........###...#.##...####
...........................#
.....<.....................#
...........................#
#..........(...............#
...K..........(............#


You could see Natasha.

Vanquished Creatures
  Natasha (D:2)
  An adder (D:2)
  A leopard gecko (D:1)
  A giant cockroach (D:1)
  2 goblins (D:2)
  A hobgoblin (D:2)
  5 bats
  2 frilled lizards (D:2)
  9 rats
23 creatures vanquished.

Notes
Turn   | Place    | Note
-------+----------+-------------------------------------------
     0 | D:1      | Amnesiac the Mummy Air Elementalist began the quest for the
                  | Orb.
     0 | D:1      | Reached XP level 1. HP: 13/13 MP: 4/4
   325 | D:1      | Reached XP level 2. HP: 19/19 MP: 2/5
   329 | D:1      | Learned a level 2 spell: Swiftness
   428 | D:2      | Reached skill level 1 in Conjurations
   491 | D:2      | Found a sacrificial altar of Ru.
   505 | D:2      | Noticed Natasha
   517 | D:2      | Killed Natasha
   517 | D:2      | Reached XP level 3. HP: 24/24 MP: 2/7
   522 | D:2      | Learned a level 3 spell: Static Discharge
   922 | D:2      | Noticed Natasha
   955 | D:2      | HP: 1/24 [Natasha (8)]
   956 | D:2      | Killed from afar by Natasha

Vault maps used:
D:1:      minmay_arrival_nine_rooms
D:2:      nicolae_ru_awakened_eye, uniq_natasha

Skill      XL: |  1  2 |
---------------+-------+-----
Conjurations   | 1 |  1.3
Air Magic      | 3 |  3.3
Spellcasting   | 3 |  3.3
Dodging        | |  1.5
Stealth        | |  1.5

Action                   || total
-------------------------++-------
Melee: Unarmed           ||     7
 Cast: Shock             ||    46
       Static Discharge  ||     2
  Use: Scroll            ||     4
Armor: Robe              ||     6
Dodge: Dodged            ||    30

Table legend:
 A = Non-vault XP
 B = Vault XP
 C = Vault XP percentage of total XP
 D = Non-vault monster count
 E = Vault monster count
 F = Vault count percentage of total count
                 A         B        C        D         E       F
            +---------+---------+-------+---------+---------+-------
      Total |      43 |      35 |  44.9 |      22 |       1 |   4.3
            +---------+---------+-------+---------+---------+-------
        D:1 |      14 |       0 |   0.0 |      10 |       0 |   0.0
        D:2 |      29 |      35 |  54.7 |      12 |       1 |   7.7
            +---------+---------+-------+---------+---------+-------
